 Dungeon Crawl Stone Soup version 0.26-a0-18-g135ff06667 (webtiles) character file.

Game seed: 1646179423837465933, levelgen mode: deterministic

819 Morbidden the Ogre Mage (level 7, -2/67 HPs)
             Began as an Ogre Necromancer on May 25, 2020.
             Was an Initiate of Vehumet.
             Slain by a bullfrog (5 damage)
             ... on level 6 of the Dungeon.
             The game lasted 00:14:57 (6695 turns).

Morbidden the Ogre Mage (Ogre Necromancer)          Turns: 6695, Time: 00:14:58

Health: -2/67      AC:  3    Str: 13    XL:     7   Next: 95%
Magic:  10/17      EV:  9    Int: 23    God:    Vehumet [......]
Gold:   163        SH:  0    Dex:  5    Spells: 15/19 levels left

rFire    . . .     SeeInvis +   p - +0 mace
rCold    . . .     Gourm    .   (no shield)
rNeg     . . .     Faith    .   a - +0 robe
rPois    +         Spirit   .   (helmet restricted)
rElec    .         Reflect  .   (no cloak)
rCorr    .         Harm     .   (gloves unavailable)
MR       .....                  (boots unavailable)
Stlth    +.........             j - amulet of magic regeneration
HPRegen  0.21/turn              k - ring of see invisible
MPRegen  0.40/turn              b - ring "Peemow" {Wiz rPois Int+5 Dex-4}

@: confused
A: large, unfitting armour, tough skin 1
a: Renounce Religion


You were on level 6 of the Dungeon.
You worshipped Vehumet.
Vehumet was noncommittal.
You were not hungry.

You visited 2 branches of the dungeon, and saw 7 of its levels.
You also visited: Sewer.

You collected 163 gold pieces.

Inventory:

Hand Weapons
 p - a +0 mace (weapon)
Missiles
 n - 2 throwing nets (quivered)
Armour
 a - a +0 robe (worn)
Jewellery
 b - the ring "Peemow" (right hand) {Wiz rPois Int+5 Dex-4}
   (You found it on level 5 of the Dungeon)

   [ring of wizardry]

   It improves your spell success rate.
   It affects your intelligence (+5).
   It affects your dexterity (-4).
   It protects you from poison.
 j - an amulet of magic regeneration (around neck)
 k - a ring of see invisible (left hand)
Wands
 i - a wand of iceblast (10)
 s - a wand of flame (14)
Scrolls
 m - 2 scrolls of identify
 q - a scroll of amnesia {unknown}
 r - a scroll of remove curse
 t - 2 scrolls of fear
Potions
 d - 3 potions of ambrosia
 e - 6 potions of curing
 f - a potion of brilliance {unknown}
 g - 3 potions of heal wounds {unknown}
 h - 2 potions of flight {unknown}
 l - a potion of degeneration {unknown}
 o - 2 potions of cancellation {unknown}
 u - a potion of haste {unknown}
Comestibles
 c - 5 rations
 v - 11 chunks of flesh


   Skills:
 * Level 3.3 Fighting
 + Level 1.5 Maces & Flails
 + Level 2.2 Dodging
 + Level 1.9 Stealth
 + Level 0.1 Unarmed Combat
 * Level 6.7 Spellcasting
 + Level 5.7 Necromancy


You had 15 spell levels left.
You knew the following spells:

 Your Spells              Type           Power        Failure   Level  Hunger
a - Pain                  Necr           ####         1%          1    None
b - Vampiric Draining     Necr           ####......   1%          3    None

Your spell library contained the following spells:

 Spells                   Type           Power        Failure   Level  Hunger
 Animate Skeleton         Necr           N/A          1%          1    None
 Animate Dead             Necr           N/A          3%          4    ###....
 Agony                    Necr           ####....     9%          5    #####..


Dungeon Overview and Level Annotations

Branches:
Dungeon (6/15)             Temple (1/1) D:5           Sewer (visited)

Altars:
Cheibriados
Dithmenos
Elyvilon
Fedhas
Gozag
Hepliaklqana
Makhleb
Nemelex Xobeh
Okawaru
Sif Muna
Trog
Vehumet
Yredelemnul
Zin
The Shining One

Shops:
D:4 *

Annotations:
D:4 Edmund


Innate Abilities, Weirdness & Mutations

You are too large for most types of armour.
You have tough skin. (AC +1)


Message History

The magic dart hits you.
* * * LOW HITPOINT WARNING * * *
The bullfrog hits you.
* * * LOW HITPOINT WARNING * * *
The orc priest hits you with a +0 club.
* * * LOW HITPOINT WARNING * * *
The bullfrog hits you.
* * * LOW HITPOINT WARNING * * *
The orc wizard casts a spell at you.
You easily resist.
Unknown command.
Unknown command.
You hit the orc priest.
The orc priest is almost dead.
The orc wizard hits you but does no damage.
The orc priest calls down the wrath of Beogh upon you.
Beogh smites you!
* * * LOW HITPOINT WARNING * * *
The bullfrog hits you.
You die...

............
#........?..#
#..........(##
#............#
#............#
#............#
#..F)o.......#
#..o@........##
#..o..........+
#............#
#............#
######.+######
#..# #..# #..#
#..# #.


You could see a bullfrog, an orc priest and 2 orc wizards.

Vanquished Creatures
  Sigmund (D:2)
  A centaur (D:5)
  2 scorpions
  2 crimson imps (D:5)
  4 orc priests (D:6)
  A hound (D:6)
  Natasha (D:4)
  12 adders
  2 oozes
  7 worms
  An adder skeleton (D:5)
  2 dart slugs
  A leopard gecko (D:1)
  8 orcs
  7 ball pythons
  5 bats
  4 giant cockroaches
  5 goblins
  8 hobgoblins
  12 jackals
  7 frilled lizards
  12 kobolds
  A quokka zombie (D:5)
  7 rats
  4 plants (Sewer)
117 creatures vanquished.

Vanquished Creatures (others)
  A plant (Sewer)
1 creature vanquished.

Grand Total: 118 creatures vanquished

Notes
Turn   | Place    | Note
-------+----------+-------------------------------------------
     0 | D:1      | Morbidden the Ogre Necromancer began the quest for the Orb.
     0 | D:1      | Reached XP level 1. HP: 16/16 MP: 3/3
   235 | D:1      | Reached XP level 2. HP: 24/24 MP: 3/5
   775 | D:1      | Reached XP level 3. HP: 28/31 MP: 2/7
   985 | D:2      | Reached XP level 4. HP: 37/39 MP: 4/8
  1279 | D:2      | Reached skill level 3 in Spellcasting
  1869 | D:2      | Learned a level 3 spell: Vampiric Draining
  2130 | D:2      | Reached skill level 1 in Fighting
  2284 | D:2      | Noticed Sigmund
  2963 | D:2      | Killed Sigmund
  2963 | D:2      | Reached skill level 4 in Spellcasting
  2963 | D:2      | Reached skill level 5 in Necromancy
  2963 | D:2      | Reached XP level 5. HP: 45/50 MP: 3/12
  2963 | D:2      | Reached XP level 6. HP: 53/58 MP: 3/13
  3646 | D:3      | Reached skill level 5 in Spellcasting
  3743 | D:3      | Found an opulent altar of Gozag.
  4058 | D:4      | Noticed Natasha
  4065 | D:4      | Killed Natasha
  4127 | D:4      | Noticed Edmund
  4173 | D:4      | Found Lufo's Assorted Antiques.
  4325 | D:5      | Entered Level 5 of the Dungeon
  4331 | D:5      | Reached skill level 6 in Spellcasting
  4331 | D:5      | Reached XP level 7. HP: 30/66 MP: 5/16
  4584 | D:5      | Found a glowing drain.
  4597 | D:5      | Got a sparkling lead ring
  4623 | D:5      | Identified the ring "Peemow" {Wiz rPois Int+5 Dex-4} (You
                  | found it on level 5 of the Dungeon)
  4647 | Sewer    | Entered a sewer
  6252 | D:5      | Found a staircase to the Ecumenical Temple.
  6258 | Temple   | Entered the Ecumenical Temple
  6311 | Temple   | Became a worshipper of Vehumet
  6501 | D:6      | Reached skill level 1 in Maces & Flails
  6695 | D:6      | HP: 3/67 [orc priest/divine providence (7)]
  6695 | D:6      | Slain by a bullfrog

Illustrated notes

Levels and vault maps discovered:
D:1:      wander_arrival_peaceful_grave, layout_rooms
D:2:      minmay_door_path, layout_basic, small_statue_intersection,
          uniq_sigmund
D:3:      layout_rooms, old_standard_altar
D:4:      layout_gridville, minitemple, serial_shops, shop,
          nicolae_shop_crystal, shop, shop_coins,
          nicolae_shop_temple_entry_statues_fountains, first_ration,
          minmay_diced_spiral, uniq_natasha, uniq_edmund, uniq_eustachio
D:5:      layout_loops_ring, minmay_temple_entry_enclosed_plants,
          portal_sewer_entry_a
D:6:      layout_basic, kennysheep_mini, bh_walls_and_bars
Temple:   eino_temple_water

Skill      XL: |  1  2  3  4  5  6  7 |
---------------+----------------------+-----
Necromancy     | 4 5 |  5.7
Dodging        | 2 |  2.2
Spellcasting   | 4 6 |  6.7
Fighting       | 2 3 |  3.3
Maces & Flails | 1 |  1.5
Stealth        | |  1.9
Unarmed Combat | |  0.1

Action                   |  1- 3 |  4- 6 |  7- 9 || total
-------------------------+-------+-------+-------++-------
Melee: Unarmed           |     3 |    14 |       ||    17
       Mace              |       |     3 |   304 ||   307
 Cast: Pain              |    42 |   166 |    50 ||   258
       Vampiric Draining |       |    13 |    22 ||    35
Evoke: Wand              |       |       |     2 ||     2
  Use: Scroll            |       |     3 |     2 ||     5
       Potion            |       |       |     1 ||     1
  Eat: Chunk             |       |     8 |     6 ||    14
       Ration            |       |     1 |     1 ||     2
Armor: Robe              |     3 |    14 |    24 ||    41
Dodge: Dodged            |     2 |    22 |    55 ||    79

Table legend:
 A = Non-vault XP
 B = Vault XP
 C = Vault XP percentage of total XP
 D = Non-vault monster count
 E = Vault monster count
 F = Vault count percentage of total count
                 A         B        C        D         E       F
            +---------+---------+-------+---------+---------+-------
      Total |     831 |     340 |  29.0 |      84 |      29 |  25.7
            +---------+---------+-------+---------+---------+-------
        D:1 |      37 |       0 |   0.0 |      19 |       0 |   0.0
        D:2 |     134 |     227 |  62.9 |      22 |       3 |  12.0
        D:3 |      82 |       0 |   0.0 |      23 |       0 |   0.0
        D:4 |      73 |      35 |  32.4 |       4 |       1 |  20.0
        D:5 |     289 |      12 |   4.0 |       9 |       6 |  40.0
        D:6 |     216 |       0 |   0.0 |       7 |       0 |   0.0
      Sewer |       0 |      66 | 100.0 |       0 |      19 | 100.0
            +---------+---------+-------+---------+---------+-------
